 Dungeon Crawl Stone Soup version 0.19-a0-1341-g3513869 (webtiles) character file.

2547 mopl the Grappler (level 9, 0/79 HPs)
             Began as a Troll Wizard on Sept 1, 2016.
             Was an Initiate of Sif Muna.
             Slain by Harold
             ... wielding a +0 halberd of freezing
              (12 damage)
             ... on level 10 of the Dungeon.
             The game lasted 00:17:44 (3600 turns).

mopl the Grappler (Troll Wizard)                    Turns: 3600, Time: 00:17:45

Health: 0/79       AC:  7    Str: 17    XL:     9   Next: 30%
Magic:  2/11       EV: 10    Int: 14    God:    Sif Muna [......]
Gold:   253        SH:  0    Dex: 11    Spells: 4 memorised, 4 levels left

rFire  . . .     SeeInvis .       - Unarmed
rCold  . . .     Gourm    +     a - +0 robe
rNeg   + . .     Faith    .     (no shield)
rPois  .         Spirit   .     e - +0 hat
rElec  .         Dismiss  .     I - +1 cloak
rCorr  .         Reflect  .     (gloves unavailable)
MR     .....     Harm     .     (boots unavailable)
Stlth  +.........               (no amulet)
                                (no ring)
                                E - ring of positive energy

@: very slightly contaminated, slowed, very slow
A: unfitting armour, claws 3, fast metabolism 3, gourmand, regeneration 1,
shaggy fur 1, tough skin 2
a: Renounce Religion


You were on level 10 of the Dungeon.
You worshipped Sif Muna.
Sif Muna was noncommittal.
You were very full.

You visited 1 branch of the dungeon, and saw 10 of its levels.
You also visited: Sewer.

You collected 253 gold pieces.

Inventory:

Hand Weapons
 b - a +0 blowgun
 v - a +3 battleaxe of electrocution
 H - a +2 quarterstaff of chaos
Missiles
 f - 38 poisoned needles
 m - 12 tomahawks (quivered)
 o - 12 curare-tipped needles
 N - 3 needles of sleeping
 P - 3 javelins
Armour
 a - a +0 robe (worn)
 e - a +0 hat (worn)
 z - the +0 pair of boots of Baldness {rElec rF+ rN+ MP-9, unknown}
   (You found it on level 4 of the Dungeon)

   It protects you from fire.
   It insulates you from electricity.
   It protects you from negative energy.
   It affects your magic capacity (-9).
 I - a +1 cloak (worn)
 O - the +2 buckler of Dopolen {*Contam rF+ Str+2 SInv, unknown}
   (You found it on level 8 of the Dungeon)

   It affects your strength (+2).
   It protects you from fire.
   It lets you see invisible.
   It causes magical contamination when unequipped.
Magical Staves
 K - an uncursed staff of energy {!a}
Jewellery
 x - an uncursed ring of fire
 E - a ring of positive energy (left claw)
 M - an uncursed ring of teleportation
Wands
 y - a wand of lightning (6/15)
 F - a wand of slowing (25/48)
Scrolls
 h - 2 scrolls of recharging {unknown}
 l - a scroll of teleportation {unknown}
 p - 3 scrolls of enchant armour {unknown}
 q - 3 scrolls of remove curse
 s - a scroll of noise {unknown}
 D - a scroll of fog {unknown}
 J - a scroll of magic mapping {unknown}
 L - a scroll of random uselessness {unknown}
 R - 2 scrolls of enchant weapon {unknown}
Potions
 g - a potion of curing
 i - a potion of might
 j - 5 potions of flight {unknown}
 k - 3 potions of heal wounds {unknown}
 n - a potion of cancellation
 t - a potion of brilliance
 u - 2 potions of mutation {unknown}
 A - a potion of ambrosia {unknown}
 B - a potion of haste
 C - a potion of magic {unknown}
 G - 3 potions of degeneration {unknown}
Books
 c - a book of Minor Magic

   Spells                             Type                      Level
   a - Magic Dart                     Conjuration                  1
   b - Blink                          Translocation                2
   c - Call Imp                       Summoning                    2
   d - Repel Missiles                 Charms/Air                   2
   e - Slow                           Hexes                        2
   f - Conjure Flame                  Conjuration/Fire             3
   g - Mephitic Cloud                 Conjuration/Poison/Air       3
Comestibles
 d - 6 bread rations
 r - 3 meat rations
 w - 3 beef jerkies
 Q - 4 fruits
 S - 6 chunks of flesh


   Skills:
 + Level 2.2 Fighting
 - Level 1.5 Dodging
 - Level 1.1 Stealth
 * Level 10.8 Unarmed Combat
 - Level 2.0 Spellcasting
 + Level 2.3 Conjurations
   Level 0.6 Summonings
 - Level 0.6 Translocations
 + Level 1.8 Air Magic
 - Level 2.0 Poison Magic


You had 4 spell levels left.
You knew the following spells:

 Your Spells              Type           Power        Failure   Level  Hunger
a - Magic Dart            Conj           #...         12%         1    ##.....
d - Mephitic Cloud        Conj/Pois/Air  #.......     30%         3    ####...
e - Blink                 Tloc           N/A          30%         2    ###....
i - Repel Missiles        Chrm/Air       #.....       30%         2    ###....


Dungeon Overview and Level Annotations

Branches:
Dungeon (10/15)
 Temple: D:4-7         Lair: D:8-11         Orc: D:9-12

Altars:
Sif Muna
Zin

Shops:
D:5 (

Annotations:
D:6 1 runed door
D:10 Harold


Innate Abilities, Weirdness & Mutations

You are too large for most types of armour.
You have claws for hands.
Your metabolism is lightning-fast.
You like to eat raw meat.
Your natural rate of healing is unusually fast.
You are covered in fur. (AC +1)
You have very tough skin. (AC +2)


Message History

You feel yourself slow down.
Harold hits you with a halberd of freezing.
Harold freezes you.
Casting: Mephitic Cloud
Confirm with . or Enter, or press ? or * to list all spells.
You don't have enough magic to cast that spell.
Harold hits you with a halberd of freezing!
Harold freezes you.
Harold hits you with a halberd of freezing!
* * * LOW HITPOINT WARNING * * *
Harold freezes you.
* * * LOW HITPOINT WARNING * * *
The wraith completely misses you.
Harold hits you from afar with a halberd of freezing!
* * * LOW HITPOINT WARNING * * *
Harold freezes you.
* * * LOW HITPOINT WARNING * * *
There is a stone staircase leading up here.
Harold hits you from afar with a halberd of freezing!
You die...

#.....###
#.......
#......
#.....#
#.....#
#.....#
###...@.#
........W#
......#.@#
###...#..#
#..$#.[#
#.. #..#
#.. #..#
#..# #..#
#..#


You could see Harold and a wraith.

Vanquished Creatures
  Grinder (Sewer)
  Sigmund (D:4)
  A wraith (D:7)
  Grum (D:8)
  Eustachio (D:5)
  A sky beast (D:6)
  An ice beast (D:5)
  2 ogres
  A phantom (D:5)
  2 centaurs (D:5)
  2 big kobolds
  Blork the orc (D:4)
  A giant frog (D:7)
  A scorpion (D:5)
  5 howler monkeys
  A hound (D:6)
  2 jellies
  A quasit (Sewer)
  2 orc priests
  Crazy Yiuf (D:5)
  A giant frog skeleton (D:4)
  2 iguanas
  2 worker ants (D:4)
  3 big kobold zombies (Sewer)
  A worker ant zombie (D:5)
  6 gnolls
  4 adders
  A river rat (D:3)
  2 shadow imps (Sewer)
  4 ufetubi (Sewer)
  2 oozes
  A worm (D:2)
  A dart slug (D:4)
  4 giant geckos
  19 orcs
  4 bats
  4 giant cockroaches
  3 goblins
  2 hobgoblins
  4 jackals (D:7)
  31 kobolds
  3 quokkas
  A ball python (D:2)
  A giant gecko skeleton (D:4)
  3 giant gecko zombies
  3 giant newts
  A jackal zombie (D:6)
  2 rats
144 creatures vanquished.

Vanquished Creatures (others)
  A big kobold zombie (Sewer)
  A giant cockroach zombie (Sewer)
2 creatures vanquished.

Grand Total: 146 creatures vanquished

Notes
Turn   | Place    | Note
-------+----------+-------------------------------------------
     0 | D:1      | mopl the Troll Wizard began the quest for the Orb.
     0 | D:1      | Reached XP level 1. HP: 16/16 MP: 2/2
    37 | D:1      | Reached skill level 1 in Unarmed Combat
   127 | D:2      | Reached XP level 2. HP: 24/24 MP: 4/4
   212 | D:2      | Reached skill level 2 in Unarmed Combat
   242 | D:2      | Learned a level 2 spell: Blink
   245 | D:2      | Learned a level 2 spell: Repel Missiles
   416 | D:3      | Reached XP level 3. HP: 31/31 MP: 5/5
   428 | D:3      | Reached skill level 3 in Unarmed Combat
   439 | D:3      | Found a glowing drain.
   443 | Sewer    | Entered a sewer
   507 | Sewer    | Reached XP level 4. HP: 22/39 MP: 6/6
   608 | Sewer    | Reached skill level 4 in Unarmed Combat
   648 | Sewer    | Noticed a big kobold
   752 | Sewer    | Killed a big kobold
   752 | Sewer    | Reached skill level 5 in Unarmed Combat
   752 | Sewer    | Reached XP level 5. HP: 8/45 MP: 7/7
   869 | Sewer    | Found a burning altar of Makhleb.
   914 | Sewer    | Noticed Grinder
   919 | Sewer    | Paralysed by Grinder for 3 turns
   926 | Sewer    | Killed Grinder
   926 | Sewer    | Reached skill level 7 in Unarmed Combat
   926 | Sewer    | Reached XP level 6. HP: 45/53 MP: 8/8
  1275 | D:1      | Reached XP level 7. HP: 59/59 MP: 9/9
  1498 | D:5      | Entered Level 5 of the Dungeon
  1553 | D:4      | Noticed Blork the orc
  1564 | D:4      | Killed Blork the orc
  1593 | D:4      | Reached skill level 8 in Unarmed Combat
  1603 | D:4      | Learned a level 3 spell: Mephitic Cloud
  1838 | D:4      | Got a pair of polished boots
  1918 | D:5      | HP: 1/59 [centaur (6)]
  1919 | D:5      | Reached skill level 9 in Unarmed Combat
  2038 | D:6      | Found a glowing silver altar of Zin.
  2038 | D:6      | Noticed an angel
  2039 | D:6      | Found a runed door.
  2109 | D:6      | Reached XP level 8. HP: 56/67 MP: 10/10
  2348 | D:6      | Reached skill level 10 in Unarmed Combat
  2550 | D:5      | Found a runed door.
  2584 | D:5      | Noticed Crazy Yiuf
  2590 | D:5      | Killed Crazy Yiuf
  2664 | D:5      | Noticed Eustachio
  2670 | D:5      | Reached skill level 1 in Conjurations
  2694 | D:5      | Killed Eustachio
  2722 | D:5      | Found Setosk's Antique Weapon Shop.
  2742 | D:5      | Reached skill level 1 in Fighting
  2742 | D:5      | Reached skill level 1 in Air Magic
  2750 | D:5      | Reached skill level 1 in Poison Magic
  3021 | D:4      | Noticed Sigmund
  3048 | D:4      | Killed Sigmund
  3136 | D:4      | Found a deep blue altar of Sif Muna.
  3139 | D:4      | Became a worshipper of Sif Muna the Loreminder
  3340 | D:8      | Reached XP level 9. HP: 78/78 MP: 11/11
  3343 | D:8      | Got a fine buckler
  3427 | D:7      | Reached skill level 2 in Conjurations
  3489 | D:8      | Reached skill level 2 in Fighting
  3490 | D:8      | Noticed Grum
  3508 | D:8      | Killed Grum
  3567 | D:9      | Reached skill level 2 in Poison Magic
  3580 | D:10     | Entered Level 10 of the Dungeon
  3580 | D:10     | Noticed Harold
  3600 | D:10     | Slain by Harold

Vault maps used:
D:1:      co_arrival_square_in_a_square_in_a_square
D:2:      first_bread
D:3:      gup_sewer_entry_bowl, mrwooster_statue_mirror
D:4:      lemuel_blue_sif_altar, uniq_sigmund, uniq_blork_the_orc
D:5:      lemuel_ratsnest, serial_shops, shop, uniq_eustachio,
          uniq_crazy_yiuf_cottage
D:6:      lemuel_angel_altar
D:7:      grunt_livestock, lightli_orcish_oven
D:8:      uniq_maurice, uniq_grum
D:9:      minivault_14
D:10:     erik_lair_orcish_takeover, grunt_dithmenos_smoke_and_mirrors,
          uniq_harold
Sewer:    kennysheep_sewer_church

Skill      XL: |  1  2  3  4  5  6  7  8  9 |
---------------+----------------------------+-----
Unarmed Combat | 1 2 3 5 7 9 10 | 10.8
Conjurations   | 1 2 |  2.3
Fighting       | 1 2 |  2.2
Air Magic      | 1 |  1.8
Poison Magic   | 1 2 |  2.0
Dodging        | |  1.5
Stealth        | |  1.1
Spellcasting   | |  2.0
Summonings     | |  0.6
Translocations | |  0.6

Action                   |  1- 3 |  4- 6 |  7- 9 || total
-------------------------+-------+-------+-------++-------
Melee: Unarmed           |    93 |   157 |   228 ||   478
       Punch             |       |     3 |     7 ||    10
 Fire: Blowgun           |       |       |     7 ||     7
Throw: Tomahawk          |       |       |     1 ||     1
 Cast: Repel Missiles    |     1 |       |     1 ||     2
       Blink             |       |     1 |     1 ||     2
       Mephitic Cloud    |       |       |     5 ||     5
Evoke: Wand              |       |       |     1 ||     1
  Use: Potion            |       |     2 |       ||     2
       Scroll            |       |     1 |     5 ||     6
 Stab: Sleeping          |     1 |       |     3 ||     4
       Confused          |       |       |     7 ||     7
  Eat: Chunk             |     7 |     6 |    27 ||    40
Armor: Robe              |    38 |    78 |    48 ||   164
Dodge: Dodged            |    50 |    84 |    78 ||   212
       Deflected         |     3 |       |     1 ||     4
